Map: Magannatha LE

Players

xiaosunTW

  • Race: Protoss Protoss
  • League: Master
  • Spawn Location: 11:00

Neuro - Winner!

  • Race: Zerg Zerg
  • League: Grandmaster
  • Spawn Location: 5:00

VOD

Have the link to the VOD?

Description

Time

  • Played on: Nov. 6, 2025, 9:36 p.m.
  • Length: 14:47
Show
View Real Time Build Order
Export as new Build Order

xiaosunTW Protoss 

Build Orders: 1 Gate Expand, Oracle Opening 

Get SALT Encoding   

  12  0:00  Probe  
  13  0:12  Probe  
  14  0:19  Pylon  
  14  0:24  Probe  
  15  0:33  Probe  
  15  0:39  Gateway  
  15  0:41  Probe  
  16  0:48  Assimilator  
  17  0:52  Probe  
  18  1:04  Probe  
  19  1:16  Probe  
  20  1:24  Nexus  
  20  1:33  Cybernetics Core  
  20  1:36  Probe  
  21  1:45  Assimilator  
  21  1:48  Probe  
  21  1:51  Pylon  
  22  1:59  Adept  
  22  2:00  Probe  
  23  2:13  Probe  
  26  2:20  Stargate  
  26  2:23  Adept  
  26  2:25  Probe  
  26  2:28  Warp Gate  
  27  2:32  Probe  
  30  2:37  Probe  
  30  2:40  Probe  
  31  2:49  Probe  
  31  2:50  Probe  
  33  2:52  Adept  
  33  2:58  Oracle  
  36  3:01  Probe  
  36  3:02  Probe  
  38  3:10  Pylon  
  41  3:13  Probe  
  41  3:14  Probe  
  43  3:25  Probe  
  43  3:26  Probe  
  43  3:37  Probe  
  43  3:38  Gateway  
  43  3:39  Probe  
  43  3:40  Oracle  
  46  3:47  Nexus  
  46  3:49  Pylon  
  46  3:55  Twilight Council  
  46  3:56  Probe  
  47  4:08  Probe  
  49  4:11  Gateway  
  49  4:12  Gateway  
  49  4:14  Gateway  
  49  4:15  Probe  
  49  4:21  Stalker  
  49  4:23  Resonating Glaives  
  51  4:31  Probe  
  52  4:34  Probe  
  52  4:37  Assimilator, Stalker  
  55  4:39  Assimilator  
  55  4:43  Probe  
  56  4:46  Probe  
  57  4:55  Probe  
  57  4:56  Pylon  
  57  4:58  Pylon, Probe  
  59  5:04  Adept x2  
  59  5:07  Probe x2  
  64  5:11  Probe  
  66  5:19  Probe x2  
  68  5:21  Adept x3, Forge  
  68  5:23  Probe  
  75  5:32  Probe  
  75  5:34  Adept  
  75  5:35  Adept  
  80  5:37  Blink  
  80  5:38  Probe x2  
  80  5:39  Pylon x2  
  80  5:41  Pylon  
  82  5:48  Probe  
  82  5:49  Adept x3  
  89  5:57  Probe x2  
  89  6:00  Probe  
  89  6:02  Shield Battery, Protoss Ground Weapons Level 1  
  92  6:09  Probe x2  
  94  6:29  Probe  
  94  6:30  Adept x5  
  99  6:38  Probe  
  100  6:42  Templar Archives  
  100  6:45  Assimilator  
  100  6:46  Assimilator, Gateway  
  96  6:47  Gateway  
  96  6:50  Gateway  
  86  7:01  Probe  
  85  7:02  Stalker x5  
  85  7:03  Probe x2, Psionic Storm  
  85  7:06  Pylon  
  85  7:07  Pylon  
  87  7:15  Probe  
  87  7:19  Robotics Facility  
  87  7:20  Nexus  
  87  7:21  Pylon  
  88  7:26  High Templar x2  
  88  7:28  Stalker x2  
  88  7:29  Stalker  
  98  7:33  Photon Cannon  
  98  7:34  Shield Battery  
  98  7:43  Stalker x2  
  100  7:45  Protoss Ground Weapons Level 2  
  100  7:49  Probe  
  101  7:54  Probe  
  102  8:02  Charge  
  102  8:03  Photon Cannon, Probe x2  
  102  8:04  Photon Cannon  
  104  8:06  Shield Battery  
  104  8:08  Gateway  
  104  8:09  Probe  
  104  8:10  Pylon  
  105  8:13  High Templar x2  
  105  8:15  Probe, Observer  
  111  8:21  Photon Cannon  
  111  8:22  Pylon  
  111  8:24  Stalker x3  
  117  8:46  Zealot x4  
  117  8:47  Zealot  
  125  9:00  Stalker x3  
  129  9:23  Probe  
  130  9:28  High Templar  
  130  9:29  Stalker x8  
  144  9:35  Probe x4  
  146  9:41  Immortal  
  146  9:45  Fleet Beacon  
  146  9:47  Probe x4  
  146  9:52  Zealot x7  
  154  10:08  Stalker x2  
  158  10:20  Stalker x5  
  144  10:35  Protoss Ground Weapons Level 3  
  126  10:38  Stalker x4  
  126  10:41  Probe  
  120  10:43  Zealot x5  
  120  10:48  Probe x3  
  131  10:53  Probe  
  131  10:54  Pylon  
  132  10:58  Robotics Facility  
  132  11:00  Probe x2  
  132  11:01  Probe  
  132  11:02  High Templar x2  
  135  11:05  Probe  
  135  11:11  Zealot x4  
  132  11:12  Probe  
  132  11:13  Probe x2  
  132  11:18  Assimilator  
  149  11:19  Assimilator  
  149  11:25  Probe x3  
  152  11:28  Mothership  
  152  11:29  Stalker x3  
  158  11:37  Probe x3  
  161  11:44  Zealot x3  
  161  11:45  Zealot x2  
  165  11:57  Zealot x4  
  157  12:15  Stalker x5  
  140  12:27  Zealot x4  
  120  12:39  Zealot x5  
  120  12:47  Stalker x2  
  120  12:48  Stalker x2  
  116  12:59  Tempest  
  116  13:01  Stalker  
  116  13:02  Stalker x6  
  126  13:17  Stalker x2  
  114  13:27  Stalker x2  
  114  13:28  Stalker x5  
  114  13:33  Probe  
  121  13:35  Tempest  
  121  13:36  Cybernetics Core  
  115  13:42  Zealot x2  
  112  13:56  Zealot x6  
  124  14:08  Gateway  
  107  14:10  Gateway, Nexus  
  107  14:11  Gateway  
  107  14:14  High Templar  
  107  14:16  Stalker x4  
  107  14:17  Stalker  
  88  14:29  Zealot  
Show
View Real Time Build Order
Export as new Build Order

Neuro Zerg - Winner!

Build Orders: Hatch First, Roach Hydra 

Get SALT Encoding   

  12  0:00  Drone  
  13  0:09  Drone  
  14  0:15  Extractor  
  14  0:16  Drone  
  15  0:22  Overlord  
  15  0:41  Drone  
  16  0:46  Hatchery  
  16  0:50  Drone  
  16  0:52  Drone  
  16  0:56  Drone  
  18  1:07  Extractor  
  17  1:12  Spawning Pool  
  17  1:14  Drone  
  17  1:19  Drone  
  18  1:26  Drone  
  19  1:41  Drone  
  20  1:50  Overlord  
  20  1:59  Queen x2  
  24  2:04  Zergling x4  
  26  2:13  Metabolic Boost  
  26  2:17  Drone x2  
  28  2:27  Drone x2  
  30  2:39  Hatchery  
  30  2:43  Drone x2  
  31  2:48  Overlord  
  31  2:57  Zergling x4  
  33  3:00  Queen  
  33  3:02  Overlord  
  35  3:13  Drone x4  
  39  3:22  Drone x3  
  40  3:36  Drone x3  
  40  3:38  Spore Crawler  
  42  3:41  Drone  
  43  3:49  Drone x4  
  43  3:52  Drone x2  
  43  3:53  Queen  
  51  3:59  Spore Crawler  
  51  4:00  Drone  
  51  4:05  Drone x2  
  51  4:09  Spore Crawler  
  51  4:10  Lair  
  51  4:13  Drone x2  
  53  4:20  Overlord  
  53  4:22  Drone x4  
  56  4:34  Overlord, Drone  
  56  4:35  Overlord  
  56  4:37  Extractor  
  56  4:38  Roach Warren  
  56  4:39  Evolution Chamber  
  56  4:40  Drone x2  
  56  4:41  Drone  
  56  4:44  Drone x2  
  59  4:46  Drone  
  59  4:50  Overlord  
  66  5:00  Drone x6  
  66  5:05  Zerg Missile Weapons Level 1  
  65  5:11  Drone x5  
  69  5:16  Zergling x8  
  73  5:23  Queen  
  73  5:24  Zergling x10  
  80  5:28  Queen  
  80  5:34  Overlord  
  80  5:35  Overlord  
  82  5:39  Glial Reconstitution  
  82  5:41  Hydralisk Den  
  82  5:42  Drone  
  82  5:43  Overlord x2  
  82  5:52  Extractor x2  
  82  5:54  Extractor  
  82  5:55  Extractor  
  82  5:56  Drone x3  
  82  5:57  Drone x7  
  88  6:05  Hatchery, Roach x3  
  93  6:14  Roach x2  
  97  6:20  Roach x4  
  100  6:27  Roach x4  
  100  6:32  Roach x3  
  107  6:36  Queen  
  107  6:39  Roach x4  
  111  6:45  Roach  
  111  6:46  Roach  
  107  6:56  Drone x2  
  107  6:57  Drone x3  
  104  7:04  Drone x2  
  104  7:05  Drone  
  101  7:09  Drone x4  
  101  7:14  Drone x4  
  108  7:17  Pneumatized Carapace  
  108  7:18  Drone x2  
  108  7:22  Drone x2  
  111  7:30  Queen  
  111  7:32  Zerg Missile Weapons Level 2  
  111  7:36  Grooved Spines  
  113  7:41  Drone x7  
  114  7:49  Drone x3  
  115  7:56  Drone x5  
  120  7:59  Overlord  
  120  8:05  Overseer  
  120  8:06  Overlord  
  120  8:07  Overlord x3  
  120  8:12  Spore Crawler  
  119  8:23  Overlord  
  119  8:24  Overlord  
  119  8:25  Hydralisk x6  
  119  8:26  Muscular Augments  
  131  8:29  Hydralisk x2  
  135  8:34  Hydralisk x3  
  135  8:38  Hydralisk  
  135  8:39  Hydralisk  
  145  8:43  Zergling x8  
  145  8:44  Zergling x2  
  145  8:45  Overseer  
  150  8:52  Zergling x14  
  157  8:58  Zergling x6  
  160  9:07  Queen  
  161  9:11  Hydralisk x6  
  171  9:22  Roach  
  171  9:23  Roach x4  
  175  9:27  Drone x2  
  176  9:34  Overlord x3  
  175  9:48  Infestation Pit  
  174  9:59  Queen  
  174  10:05  Roach x13  
  185  10:22  Hydralisk x6  
  180  10:28  Roach  
  180  10:29  Roach x2  
  163  10:38  Hydralisk x2  
  141  10:43  Zergling x20  
  141  10:46  Queen  
  145  10:52  Roach x6  
  157  10:58  Roach x3  
  165  11:04  Roach x4  
  170  11:17  Roach x6  
  182  11:18  Overlord x3  
  182  11:31  Overlord  
  182  11:32  Overlord x2  
  182  11:33  Hive  
  182  11:39  Hatchery  
  176  11:48  Roach x9  
  184  11:56  Roach x4  
  174  12:15  Roach x10  
  164  12:25  Roach  
  164  12:26  Roach x4  
  152  12:33  Roach x3  
  150  12:41  Roach x4  
  158  12:48  Roach x4  
  164  12:52  Zergling x14  
  165  13:00  Roach x4  
  159  13:14  Roach x8  
  167  13:20  Roach x3  
  164  13:28  Roach x4  
  169  13:36  Roach x4  
  169  13:38  Zergling x14  
  169  13:41  Overseer  
  180  13:43  Hydralisk x2  
  180  13:44  Queen x2  
  180  13:45  Queen  
  182  13:54  Hydralisk x2  
  173  13:57  Queen x2  
  171  14:06  Hydralisk x3  
  171  14:08  Zergling x10  
  168  14:22  Overseer  
Tags
 
Add a new tag
Caveats
  • Supply blocks, unpowered buildings, or Contaminate may cause inaccurate times.
  • Supply counts are checked every 10 seconds.